 Dungeon Crawl Stone Soup version 0.27.0-1-g7a089689b8 (webtiles) character file.

Game seed: 9961705030911758194

317272 DocClef the Impregnable (level 21, 0/219 HPs)
             Began as a Gargoyle Fighter on Aug 6, 2021.
             Was a High Priest of Okawaru.
             Slain by Mennas (14 damage)
             ... on level 1 of the Vaults.
             The game lasted 01:16:13 (45133 turns).

DocClef the Impregnable (Gargoyle Fighter)         Turns: 45133, Time: 01:16:15

Health: 0/219      AC: 30    Str: 27    XL:     21   Next: 42%
Magic:  0/30       EV:  2    Int: 12    God:    Okawaru [*****.]
Gold:   2981       SH:  0    Dex:  9    Spells: 20/20 levels left

rFire    . . .     SeeInvis .   u - +5 whip (elec)
rCold    + + .     Faith    .   c - +1 kite shield {rC+}
rNeg     + + +     Spirit   +   (armour currently unavailable)
rPois    ∞         Reflect  .   (helmet currently unavailable)
rElec    .         Harm     .   (cloak currently unavailable)
rCorr    .         Rampage  .   (gloves currently unavailable)
Will     +....     NoTele   +   (boots currently unavailable)
Stlth    +.........             W - amulet of guardian spirit
HPRegen  0.46/turn              I - +4 ring of evasion
MPRegen  0.22/turn              L - ring of protection from cold

@: confused, mighty, tree-form, hasted, glowing, silenced, very quick
A: stationary, stasis, torment immunity, boosted hp, sickness immunity, AC +16,
(big wings), negative energy resistance 1, (electricity resistance), torment
resistance 1, petrification resistance
}: 2/15 runes: decaying, gossamer
a: Renounce Religion


You were on level 1 of the Vaults.
You worshipped Okawaru.
Okawaru was extremely pleased with you.
You were a tree.
You visited 7 branches of the dungeon, and saw 32 of its levels.
You also visited: Sewer, Ossuary and Ice Cave.

You collected 3228 gold pieces.
You spent 247 gold pieces at shops.

Inventory:

Hand Weapons
 u - a +5 whip of electrocution (weapon)
 H - a +1 morningstar of flaming
Missiles
 n - 21 javelins (quivered)
 X - 7 atropa-tipped darts
Armour
 c - a +1 kite shield of cold resistance (worn)
 j - a +2 helmet of see invisible (melded)
 D - the +0 cloak of Miag (melded) {Regen+ Str+4 Dex+2}
   (Okawaru gifted it to you on level 6 of the Lair of Beasts)

   Str:       It affects your strength (+4).
   Dex:       It affects your dexterity (+2).
   Regen:     It increases your rate of health regeneration.
 J - a +1 pair of gloves of archery (melded)
 K - a scarf of resistance
 P - a +2 pair of boots (melded)
 Q - a +2 chain mail of cold resistance
 V - a +4 plate armour of positive energy (melded)
Jewellery
 s - an amulet of the acrobat
 F - a ring of willpower
 G - an amulet of regeneration
 I - a +4 ring of evasion (left branch)
 L - a ring of protection from cold (right branch)
 W - an amulet of guardian spirit (around neck)
Wands
 b - a wand of digging (9)
 i - a wand of acid (3)
 k - a wand of polymorph (8)
 o - a wand of flame (139)
 M - a wand of paralysis (27)
 R - a wand of charming (16)
 S - a wand of iceblast (20)
Scrolls
 a - 5 scrolls of immolation
 e - 5 scrolls of blinking
 f - 14 scrolls of enchant weapon
 g - 2 scrolls of enchant armour
 m - 4 scrolls of fog
 p - 3 scrolls of fear
 t - 15 scrolls of identify
 w - a scroll of summoning
 E - 11 scrolls of teleportation
 T - 3 scrolls of amnesia
Potions
 d - 5 potions of might
 h - 12 potions of curing
 l - 3 potions of lignification
 q - 8 potions of flight
 r - 6 potions of attraction
 v - 4 potions of invisibility
 x - 5 potions of magic
 y - 2 potions of cancellation
 z - 10 potions of mutation
 A - 4 potions of haste
 B - 4 potions of resistance
 N - a potion of brilliance
 Z - 8 potions of ambrosia


   Skills:
 - Level 20.0 Fighting
 - Level 13.0 Maces & Flails
 + Level 22.7 Armour
 - Level 1.1 Dodging
 - Level 0.3 Stealth
 - Level 15.0 Shields
 - Level 12.3 Invocations


You had 20 spell levels left.
You didn't know any spells.
Your spell library contained the following spells:

 Spells                   Type           Power      Damage    Failure   Level
 Beastly Appendage        Tmut           0%         N/A       32%         1
 Corona                   Hex            0%         N/A       32%         1
 Foxfire                  Conj/Fire      0%         2x1d4     32%         1
 Shock                    Conj/Air       0%         1d3       32%         1
 Ensorcelled Hibernation  Hex/Ice        0%         N/A       45%         2
 Wereblood                Tmut           0%         N/A       45%         2
 Conjure Flame            Conj/Fire      0%         6-21      69%         3
 Ignite Poison            Fire/Tmut/Pois 0%         N/A       69%         3
 Inner Flame              Hex/Fire       0%         N/A       69%         3
 Lesser Beckoning         Tloc           0%         N/A       69%         3
 Mephitic Cloud           Conj/Pois/Air  0%         N/A       69%         3
 Ozocubu's Armour         Ice            0%         N/A       69%         3
 Portal Projectile        Hex/Tloc       0%         N/A       69%         3
 Spider Form              Tmut/Pois      0%         N/A       69%         3
 Summon Guardian Golem    Hex/Summ       0%         N/A       69%         3
 Swiftness                Air            0%         N/A       69%         3
 Tukima's Dance           Hex            0%         N/A       69%         3
 Airstrike                Air            0%         N/A       97%         4
 Fulminant Prism          Conj/Hex       0%         3d6       97%         4
 Hailstorm                Conj/Ice       0%         3d3       97%         4
 Ice Form                 Ice/Tmut       0%         N/A       97%         4
 Iskenderun's Mystic Bla  Conj/Tloc      0%         2d3       97%         4
 Petrify                  Tmut/Erth      0%         N/A       97%         4
 Summon Lightning Spire   Summ/Air       0%         N/A       97%         4
 Alistair's Intoxication  Tmut/Pois      0%         N/A       100%        5
 Blade Hands              Tmut           0%         N/A       100%        5
 Bolt of Magma            Conj/Fire/Erth 0%         4d4       100%        5
 Excruciating Wounds      Necr           0%         N/A       100%        5
 Irradiate                Conj/Tmut      0%         3d14      100%        5
 Iskenderun's Battlesphe  Conj           0%         2d6       100%        5
 Lee's Rapid Deconstruct  Erth           0%         3d5*      100%        5
 Lightning Bolt           Conj/Air       0%         1d11      100%        5
 Metabolic Englaciation   Hex/Ice        0%         N/A       100%        5
 Summon Forest            Summ/Tloc      0%         N/A       100%        5
 Summon Mana Viper        Hex/Summ       0%         N/A       100%        5
 Dispersal                Tloc           0%         N/A       100%        6
 Eringya's Noxious Bog    Tmut/Pois      0%         N/A       100%        6
 Iron Shot                Conj/Erth      0%         9d1       100%        6
 Shadow Creatures         Summ           N/A        N/A       100%        6
 Simulacrum               Ice/Necr       0%         N/A       100%        6
 Dragon Form              Tmut           0%         N/A       100%        7
 Malign Gateway           Summ/Tloc      0%         N/A       100%        7
 Spellforged Servitor     Conj/Summ      0%         N/A       100%        7
 Summon Hydra             Summ           0%         N/A       100%        7
 Disjunction              Tloc           0%         N/A       100%        8
 Necromutation            Tmut/Necr      0%         N/A       100%        8


Dungeon Overview and Level Annotations

Branches:
Dungeon (13/15)            Temple (1/1) D:5            Lair (6/6) D:10
  Swamp (4/4) Lair:2       Spider (4/4) Lair:4        Slime (0/5) Lair:5
    Orc (2/2) D:10            Elf (0/3) Orc:2        Vaults (2/5) D:13
  Sewer (visited)         Ossuary (visited)           IceCv (visited)
  Crypt: Vaults:2-3

Altars:
Ashenzari
Cheibriados
Dithmenos
Elyvilon
Gozag
Hepliaklqana
Kikubaaqudgha
Makhleb
Nemelex Xobeh
Okawaru
Qazlal
Ru
Sif Muna
Trog
Vehumet
Wu Jian
Xom
Yredelemnul
Zin
The Shining One
Beogh

Shops:
D:1 :   D:3 =   D:5 !   Orc:2 =![(!

Annotations:
D:3 Sigmund
D:8 exclusion: ice statue
Lair:4 exclusion: 2 oklob plants
Vaults:1 Mennas


Innate Abilities, Weirdness & Mutations

You are a tree.
Your roots penetrate the ground, keeping you stationary.
You cannot be teleported.
You are immune to unholy pain and torment.
Your maximum health is greatly increased.
Your equipment is partially melded.
You are immune to sickness and miasma.
((Your stone body is resilient. (AC +16)))
You are immune to poison.
((Your large and strong wings let you fly.))
You resist negative energy. (rN+)
((You are resistant to electric shocks. (rElec)))
You are resistant to unholy torment.
You are immune to petrification.


Message History

Okay, then.
You bump into the stone wall.
Mennas hits you but does no damage. Mennas barely misses you.
Mennas blocks your attack.
Mennas is severely wounded.
Mennas blocks your attack.
Mennas is severely wounded.
Mennas misses you.
Mennas hits you with a +4 eudemon blade of holy wrath.
* * * LOW HITPOINT WARNING * * *
Really quaff the potion of lignification?
You turn into a tree.
The +0 cloak of Miag {Regen+ Str+4 Dex+2} melds into your body.
Your +2 helmet of see invisible melds into your body.
Your +1 pair of gloves of archery melds into your body.
Your +2 pair of boots melds into your body.
Your +4 plate armour of positive energy melds into your body.
You feel less perceptive.
Your aim is not that steady anymore.
You feel less protected from negative energy.
Your roots penetrate the ground.
Mennas hits you with a +4 eudemon blade of holy wrath!
* * * LOW HITPOINT WARNING * * *
Mennas hits you but does no damage.
You feel much better.
Mennas hits you with a +4 eudemon blade of holy wrath!!
* * * LOW HITPOINT WARNING * * *
Mennas hits you but does no damage.
You cannot move. (Use ctrl+direction or * direction to attack without moving.)
You cannot move. (Use ctrl+direction or * direction to attack without moving.)
You cannot move. (Use ctrl+direction or * direction to attack without moving.)
You cannot move. (Use ctrl+direction or * direction to attack without moving.)
You swing at nothing.
Mennas blocks your attack.
Mennas is severely wounded.
You feel like a meek peon again.
Mennas looks to the heavens.
Mennas hits you with a +4 eudemon blade of holy wrath!!
* * * LOW HITPOINT WARNING * * *
Mennas hits you with a +4 eudemon blade of holy wrath!
You die...

##########'##################++#)
# #........# #...... #
#........######### #...... #
#...)....#.......# #...... #
#...)....'.......# #...... #
#........#...)...# #...... #
#........+....>..# #...... #
#........#.......# #...... #
##########....♣A.# #...... #
######### ####### # # # #
#################################
.................................
................................)


You could see Mennas (silencing).

Vanquished Creatures
  Saint Roka (Orc:2)
  the Lernaean hydra (Swamp:3)
  2 tentacled monstrosities
  Gastronok (D:8)
  2 thorn hunters
  Donald (Orc:2)
  A fenstrider witch (Swamp:2)
  2 ghost moths (Spider:3)
  2 frost giants (IceCv)
  2 vault wardens
  5 emperor scorpions
  2 orc warlords (Vaults:2)
  5 ironbound preservers
  8 entropy weavers
  A white draconian (IceCv)
  5 bunyips
  A spark wasp (Spider:4)
  7 dire elephants
  Snorg (Orc:1)
  4 eleionomae
  A crystal guardian (Vaults:1)
  A shambling mangrove (Swamp:4)
  2 yaktaur captains
  A peacekeeper (Vaults:1)
  Harold (Lair:2)
  17 hydras
  3 ironbound thunderhulks
  8 vault guards (D:13)
  3 boulder beetles
  8 ironbound frosthearts
  3 ghost crabs
  4 two-headed ogres
  3 catoblepae
  An ogre mage (Orc:2)
  13 alligators
  3 centaur warriors
  21 death yaks
  Nergalle (Orc:2)
  3 ironbound beastmasters
  Urug (Lair:3)
  A salamander mystic (D:12)
  Sonja (D:11)
  6 goliath frogs
  A death drake (Swamp:2)
  2 spectral death yaks (Lair:6)
  6 spriggan druids
  15 deep trolls
  12 swamp dragons
  A spectral anaconda (Lair:6)
  A flayed ghost (D:11)
  An obsidian statue (Lair:6)
  4 bog bodies
  4 ironbound convokers
  3 harpies (Vaults:1)
  6 orc knights
  A wizard (Vaults:2)
  An orange crystal statue (IceCv)
  2 deep elf pyromancers (D:13)
  5 necromancers
  21 orb spiders
  A tengu zombie (Vaults:1)
  15 ugly things
  A lindwurm (Lair:4)
  Pikel (D:9)
  10 orc sorcerers
  28 wolf spiders
  3 salamanders (D:12)
  2 manticores
  3 will-o-the-wisps
  2 cyclopes (D:11)
  A cyclops (shapeshifter) (Vaults:1)
  A moth of wrath (Spider:3)
  4 vault sentinels
  An ice statue (D:10)
  Maurice (D:9)
  24 elephants
  5 black mambas
  Joseph (D:7)
  2 torpor snails
  11 cane toads
  Maggie (D:7)
  23 demonic crawlers
  26 rime drakes
  2 unseen horrors
  9 komodo dragons
  7 yaktaurs
  A kobold demonologist (D:10)
  4 entropy weaver simulacra (Swamp:2)
  A queen bee (Spider:4)
  A merfolk (D:12)
  6 meliai
  37 jumping spiders
  5 trolls
  13 polar bears
  20 hornets
  8 tyrant leeches
  20 slime creatures
  5 blink frogs
  2 spectral elephants (Lair:6)
  An ettin skeleton (Vaults:1)
  100 redbacks
  30 tarantellas
  17 spriggans
  A shadow (D:11)
  9 wyverns
  39 yaks
  2 vampires
  A human (D:12)
  2 spriggan simulacra (Swamp:2)
  7 basilisks
  Eustachio (D:4)
  A death yak simulacrum (Lair:6)
  A minotaur simulacrum (Swamp:2)
  A steam dragon (D:10)
  Grum (D:9)
  7 vampire mosquitoes
  Menkaure (D:7)
  A spectral cane toad (Lair:6)
  5 wargs
  5 acid dragons
  18 swamp worms
  11 water moccasins
  A hell hound (Lair:4)
  15 orc warriors
  14 swamp drakes
  5 ice beasts
  2 sky beasts
  2 black bears
  4 necrophages
  14 wolves
  12 centaurs
  9 ogres
  4 boggarts (Lair:5)
  2 phantoms
  A lemure (D:9)
  An elf zombie (Ossuary)
  12 bullfrogs
  4 kobold brigands
  An ogre simulacrum (Vaults:1)
  A deep troll simulacrum (Swamp:2)
  2 scorpions
  2 water moccasin zombies
  A cane toad simulacrum (Lair:6)
  An elephant simulacrum (Lair:6)
  3 howler monkeys
  17 killer bees
  14 wights
  4 electric eels
  2 bullfrog zombies
  A centaur zombie (D:8)
  A water moccasin simulacrum (D:6)
  2 hounds
  6 jellies
  10 orc priests
  A centaur skeleton (D:6)
  5 human zombies
  Ijyb (D:5)
  Natasha (thrice) (D:2)
  3 iguanas
  29 orc wizards
  7 hell rats (Lair:4)
  3 centaur simulacra (D:6)
  2 bullfrog simulacra (D:6)
  The ghost of mimimomo the Sneak, a weakling GrDe (D:6)
  2 mummies (Ossuary)
  2 howler monkey zombies
  Robin (D:2)
  9 adders
  11 gnolls
  A howler monkey skeleton (D:7)
  7 river rats (Sewer)
  3 white imps
  2 ufetubi
  An adder zombie (Ossuary)
  A worm (D:2)
  5 dart slugs
  57 orcs
  12 bats
  7 endoplasms
  2 giant cockroaches
  18 goblins
  6 hobgoblins
  3 jackals (D:5)
  5 quokkas
  10 ball pythons
  4 frilled lizards
  9 hobgoblin zombies (Ossuary)
  36 kobolds
  10 kobold zombies (Ossuary)
  9 orc zombies (Ossuary)
  20 rats
  2 rat zombies (Ossuary)
  A briar patch (Swamp:4)
1297 creatures vanquished.

Vanquished Creatures (collateral kills)
  An orc warrior (Orc:2)
  2 orcs (Orc:2)
3 creatures vanquished.

Vanquished Creatures (others)
  A ghost moth (Spider:4)
  2 spriggan druids
  A cyclops (D:13)
  3 bloated husks
  2 hornets
  2 spriggans
  A swamp drake (Swamp:1)
  2 orc wizards (Orc:2)
  3 orcs (Orc:2)
  4 briar patches (Swamp:4)
  18 foxfires
  33 fungi
  55 plants
  9 withered plants (Lair:6)
136 creatures vanquished.

Grand Total: 1436 creatures vanquished

Notes
Turn   | Place    | Note
-------+----------+-------------------------------------------
     0 | D:1      | DocClef the Gargoyle Fighter began the quest for the Orb.
     0 | D:1      | Reached XP level 1. HP: 14/14 MP: 1/1
   337 | D:1      | Reached XP level 2. HP: 14/19 MP: 2/2
   440 | D:1      | Found Baumasuask's Book Shoppe.
   770 | D:1      | Reached XP level 3. HP: 14/23 MP: 3/3
  1135 | D:1      | Found a faded altar of an unknown god.
  1289 | D:2      | Noticed Natasha
  1300 | D:2      | Killed Natasha
  1301 | D:2      | Reached XP level 4. HP: 25/28 MP: 4/4
  1339 | D:2      | Reached skill level 4 in Armour
  1530 | D:2      | Noticed Natasha
  1534 | D:2      | Noticed Robin
  1854 | D:2      | Killed Robin
  1872 | D:2      | Killed Natasha
  1873 | D:2      | Reached XP level 5. HP: 28/33 MP: 5/5
  2011 | D:2      | Noticed Natasha
  2030 | D:2      | Killed Natasha
  2349 | D:2      | Noticed a necrophage
  2363 | D:2      | Killed a necrophage
  2364 | D:2      | Reached XP level 6. HP: 31/38 MP: 6/6
  2441 | D:3      | Found a shadowy altar of Dithmenos.
  2575 | D:3      | Found a snail-covered altar of Cheibriados.
  2707 | D:3      | Found Diatuuno's Jewellery Shop.
  2850 | D:3      | Noticed Sigmund
  3350 | D:3      | Found an iron altar of Okawaru.
  3382 | D:3      | Became a worshipper of Warmaster Okawaru
  3494 | D:4      | Reached skill level 1 in Dodging
  3602 | D:4      | Noticed Eustachio
  3634 | D:4      | Killed Eustachio
  3635 | D:4      | Reached skill level 5 in Fighting
  3635 | D:4      | Reached XP level 7. HP: 38/45 MP: 7/7
  3704 | D:4      | Found a sacrificial altar of Ru.
  3945 | D:4      | Found a burning altar of Makhleb.
  3972 | D:4      | Found a glowing golden altar of the Shining One.
  4434 | D:4      | Reached * piety under Okawaru
  4644 | D:5      | Entered Level 5 of the Dungeon
  4657 | D:5      | Found a staircase to the Ecumenical Temple.
  4660 | D:5      | Noticed Ijyb
  4676 | D:5      | Killed Ijyb
  4812 | D:5      | Reached XP level 8. HP: 54/54 MP: 8/8
  4926 | D:5      | Found Qesmadaa's Distillery.
  5063 | D:5      | Reached skill level 5 in Maces & Flails
  5228 | D:5      | Found a bloodstained altar of Trog.
  5463 | Temple   | Entered the Ecumenical Temple
  5603 | D:6      | Reached ** piety under Okawaru
  5819 | D:6      | Found a glowing drain.
  5845 | Sewer    | Entered a sewer
  6351 | Sewer    | Reached XP level 9. HP: 55/59 MP: 9/9
  6815 | D:6      | Noticed mimimomo's ghost (weakling GrDe)
  7006 | D:6      | Found a runed translucent gate.
  7006 | D:6      | Found a runed translucent gate.
  7006 | D:6      | Found a runed translucent gate.
  7048 | D:6      | Got the Guide on the Spatial Birds
  7509 | D:6      | Reached *** piety under Okawaru
  7528 | D:6      | Killed mimimomo's ghost
  7546 | D:6      | Reached skill level 10 in Maces & Flails
  7582 | D:6      | Identified a scroll of acquirement
  7582 | D:6      | Acquired a +2 helmet of see invisible
  7800 | D:7      | Noticed Menkaure
  7820 | D:7      | Killed Menkaure
  7969 | D:7      | Noticed Maggie
  7981 | D:7      | Killed Maggie
  7981 | D:7      | Reached **** piety under Okawaru
  7982 | D:7      | Reached XP level 10. HP: 63/64 MP: 10/10
  7996 | D:7      | Found a white marble altar of Elyvilon.
  8036 | D:7      | Noticed Joseph
  8069 | D:7      | Killed Joseph
  8485 | D:8      | Noticed Gastronok
  8507 | D:8      | Killed Gastronok
  8507 | D:8      | Reached ***** piety under Okawaru
  8802 | D:8      | Reached skill level 1 in Invocations
  8874 | D:8      | Found a sand-covered staircase.
  8883 | Ossuary  | Entered an ossuary
  9641 | D:8      | Reached XP level 11. HP: 68/68 MP: 14/14
  9733 | D:9      | Reached skill level 5 in Invocations
  9753 | D:9      | Noticed Maurice
  9817 | D:9      | Killed Maurice
  9817 | D:9      | Received a gift from Okawaru
  9941 | D:9      | Noticed Grum
  9976 | D:9      | Killed Grum
 10190 | D:9      | Noticed Pikel
 10196 | D:9      | Killed Pikel
 10249 | D:9      | Found a basalt altar of Yredelemnul.
 10460 | D:10     | Entered Level 10 of the Dungeon
 10584 | D:10     | Found a staircase to the Orcish Mines.
 10584 | D:10     | Noticed a manticore
 10607 | D:10     | Killed a manticore
 10856 | D:10     | Found a broken altar of Ashenzari.
 10987 | D:10     | Received a gift from Okawaru
 10988 | D:10     | Reached skill level 10 in Invocations
 11098 | D:10     | Found a staircase to the Lair.
 11127 | D:10     | Reached ****** piety under Okawaru
 11265 | D:10     | Found a radiant altar of Vehumet.
 11283 | D:10     | Noticed a two-headed ogre
 11293 | D:10     | Killed a two-headed ogre
 11494 | D:10     | HP: 3/68 [acid dragon (3)]
 12003 | Lair:1   | Entered Level 1 of the Lair of Beasts
 12029 | D:10     | Received a gift from Okawaru
 12030 | D:10     | Reached XP level 12. HP: 37/74 MP: 20/20
 12846 | Lair:1   | Noticed a six-headed hydra
 12862 | Lair:1   | Killed a six-headed hydra
 13775 | Lair:2   | Noticed a catoblepas
 13790 | Lair:2   | Killed a catoblepas
 13999 | Lair:2   | Noticed Harold
 13999 | Lair:2   | Noticed a catoblepas
 14039 | Lair:1   | Killed a catoblepas
 14040 | Lair:1   | Reached skill level 10 in Fighting
 14280 | Lair:2   | Found a staircase to the Swamp.
 14284 | Lair:2   | Identified the +5 ring mail "Vubuitag" {rC+++ Regen+ Str+3
                  | Slay-4}
 14487 | Lair:2   | Killed Harold
 14525 | Lair:2   | Found a sparkling altar of Nemelex Xobeh.
 14951 | Lair:3   | Noticed Urug
 14968 | Lair:3   | Killed Urug
 15336 | Lair:3   | Noticed a death yak
 15337 | Lair:3   | Noticed a death yak
 15345 | Lair:3   | Noticed a death yak
 15358 | Lair:2   | Killed a death yak
 15367 | Lair:2   | Killed a death yak
 15368 | Lair:2   | Reached XP level 13. HP: 69/87 MP: 22/22
 15392 | Lair:2   | Identified the +5 longbow of Evolution {flame, Fragile rN+
                  | Dex+3} (Okawaru gifted it to you on level 2 of the Lair of
                  | Beasts)
 15392 | Lair:2   | Received a gift from Okawaru
 15840 | Lair:3   | You fall into a shaft and drop 3 floors!
 15840 | Lair:6   | Entered Level 6 of the Lair of Beasts
 16373 | Lair:4   | Identified the +2 hat of Raoczig {Int+5} (Okawaru gifted it
                  | to you on level 4 of the Lair of Beasts)
 16373 | Lair:4   | Received a gift from Okawaru
 16744 | Lair:4   | Reached skill level 15 in Fighting
 17445 | Lair:4   | Found a hole to the Spider Nest.
 17814 | Lair:4   | Got the Collected Works on Torrid Changing
 18029 | Lair:4   | Received a gift from Okawaru
 18034 | Lair:4   | Gained mutation: Your large and strong wings let you fly.
                  | [Gargoyle growth]
 18034 | Lair:4   | Reached XP level 14. HP: 43/100 MP: 23/23
 18124 | Lair:4   | HP: 5/100 [basilisk (3)]
 19013 | Lair:4   | Reached skill level 5 in Shields
 20979 | Lair:5   | Found a staircase to the Slime Pits.
 21867 | Lair:5   | Reached skill level 10 in Shields
 22047 | Lair:5   | Received a gift from Okawaru
 22592 | Lair:6   | Noticed a dire elephant
 22592 | Lair:6   | Noticed a dire elephant
 22592 | Lair:6   | Noticed a dire elephant
 22719 | Lair:6   | Received a gift from Okawaru
 23243 | Lair:6   | Killed a dire elephant
 23244 | Lair:6   | Reached XP level 15. HP: 102/105 MP: 17/24
 24089 | Lair:6   | Identified the +0 cloak of Miag {Regen+ Str+4 Dex+2}
                  | (Okawaru gifted it to you on level 6 of the Lair of Beasts)
 24089 | Lair:6   | Received a gift from Okawaru
 24160 | Lair:6   | Reached XP level 16. HP: 112/112 MP: 25/25
 24161 | Lair:6   | Reached XP level 17. HP: 117/117 MP: 26/26
 24510 | Lair:6   | Reached skill level 15 in Shields
 24977 | D:10     | Identified the +10 hand crossbow of the Unkillable {vorpal,
                  | Int+8 Stlth-}
 25429 | D:11     | Noticed Sonja
 25441 | D:11     | Killed Sonja
 26443 | D:12     | Found the +3 salamander hide armour {Flames rF++ rC--}
 26726 | Orc:1    | Entered Level 1 of the Orcish Mines
 27203 | Orc:2    | Entered Level 2 of the Orcish Mines
 27203 | Orc:2    | Noticed Snorg
 27220 | Orc:1    | Killed Snorg
 27277 | Orc:2    | Noticed Saint Roka
 27305 | Orc:2    | Found an ancient bone altar of Kikubaaqudgha.
 27305 | Orc:2    | Noticed Nergalle
 27345 | Orc:2    | Killed Nergalle
 27356 | Orc:2    | Found Ulythy's Distillery.
 27387 | Orc:2    | Found a radiant altar of Vehumet.
 27523 | Orc:2    | Found Jiapris's Distillery.
 27694 | Orc:2    | Noticed Donald
 27749 | Orc:2    | Killed Donald
 27988 | Orc:2    | Found Kudwas's Armour Boutique.
 27990 | Orc:2    | Found a staircase to the Elven Halls.
 27996 | Orc:2    | Bought a +2 pair of boots for 247 gold pieces
 28065 | Orc:2    | Killed Saint Roka
 28295 | Orc:2    | Found Luenoaxo's Antique Weapon Shop.
 28617 | Orc:2    | Found Cenkayka's Jewellery Boutique.
 28832 | Swamp:1  | Entered Level 1 of the Swamp
 28922 | Swamp:1  | Noticed a tentacled monstrosity
 28958 | Swamp:1  | Killed a tentacled monstrosity
 29000 | Swamp:1  | Reached XP level 18. HP: 74/129 MP: 9/27
 29030 | Swamp:1  | Reached skill level 5 in Armour
 29294 | Swamp:1  | Reached skill level 6 in Armour
 29351 | Swamp:1  | Reached skill level 7 in Armour
 29495 | Swamp:1  | Reached skill level 8 in Armour
 29882 | Swamp:2  | Received a gift from Okawaru
 29915 | Swamp:2  | Reached skill level 9 in Armour
 30131 | Swamp:2  | Found a frozen archway.
 30222 | Swamp:2  | Reached skill level 10 in Armour
 30242 | IceCv    | Entered an ice cave
 30399 | IceCv    | Got the Collected Works on Icy Companions
 30572 | IceCv    | Reached skill level 11 in Armour
 31551 | IceCv    | Reached skill level 12 in Armour
 32489 | Swamp:2  | Reached skill level 13 in Armour
 32502 | Swamp:2  | Received a gift from Okawaru
 33774 | Swamp:3  | Reached skill level 14 in Armour
 33823 | Swamp:3  | Noticed a tentacled monstrosity
 33858 | Swamp:3  | Killed a tentacled monstrosity
 33859 | Swamp:3  | Reached XP level 19. HP: 130/135 MP: 24/28
 34050 | Swamp:4  | Entered Level 4 of the Swamp
 34443 | Swamp:4  | Reached skill level 15 in Armour
 34895 | Swamp:4  | Noticed the 27-headed Lernaean hydra
 35019 | Swamp:3  | Killed the 27-headed Lernaean hydra
 35020 | Swamp:3  | Reached skill level 16 in Armour
 35367 | Swamp:4  | Got a decaying rune of Zot
 35598 | Spider:1 | Entered Level 1 of the Spider Nest
 35991 | Spider:1 | Identified the -2 hat of the Heavens {Contam rPois rF++}
                  | (Okawaru gifted it to you on level 1 of the Spider Nest)
 35991 | Spider:1 | Received a gift from Okawaru
 36133 | Spider:1 | Reached skill level 17 in Armour
 37309 | Spider:2 | Reached skill level 18 in Armour
 38174 | Spider:3 | Reached XP level 20. HP: 139/140 MP: 27/29
 38944 | Spider:4 | Entered Level 4 of the Spider Nest
 39004 | Spider:4 | Received a gift from Okawaru
 39038 | Spider:4 | Reached skill level 19 in Armour
 39961 | Spider:4 | Reached skill level 20 in Armour
 40696 | Spider:4 | Got a gossamer rune of Zot
 40779 | Spider:4 | Identified the +8 double sword "Dixehoti" {vorpal, +Rage
                  | Dex+4} (Okawaru gifted it to you on level 4 of the Spider
                  | Nest)
 40779 | Spider:4 | Received a gift from Okawaru
 41441 | D:13     | Found a gate to the Vaults.
 42134 | Vaults:1 | Entered Level 1 of the Vaults
 42142 | Vaults:1 | Reached skill level 21 in Armour
 42813 | Vaults:1 | Reached XP level 21. HP: 136/146 MP: 25/30
 42823 | Vaults:1 | Received a gift from Okawaru
 43717 | Vaults:2 | Reached skill level 22 in Armour
 44681 | Vaults:2 | Noticed Mennas
 44767 | Vaults:2 | HP: 5/146 [Mennas (12)]
 44768 | Vaults:2 | HP: 2/146 [ironbound thunderhulk/bolt of lightning (4)]
 45112 | Vaults:1 | HP: 6/146 [Mennas (11)]
 45133 | Vaults:1 | Slain by Mennas

Illustrated notes

Levels and vault maps discovered:
D:1:      elethiomel_arrival_shortcut, layout_basic, serial_shops,
          nicolae_shop_behind_doors, basic_ecumenical_altar
D:2:      layout_basic, uniq_robin, uniq_natasha
D:3:      layout_loops_corners, mainiacjoe_overflow_boulevard,
          marbit_many_paths, kennysheep_slug_shrine, nicolae_uskayaw_suspiria,
          nicolae_dithmenos_shadow_blocks, serial_shops,
          nicolae_shop_waterfront, st_stairs_10, minmay_misc_feat_cross,
          uniq_sigmund
D:4:      layout_basic, nicolae_ru_sacrificial_ziggurat,
          mainiacjoe_overflow_cross_hatched,
          mainiacjoe_overflow_surrounded_room, uniq_eustachio
D:5:      layout_basic, trog_three_pillars_becter,
          minmay_temple_entry_large_hall, serial_shops,
          nicolae_shop_window_shopping, kennysheep_generic_room_16, uniq_ijyb
D:6:      layout_loops_ring, gammafunk_ghost_icy, cheibrodos_sewer_entry_sluice
D:7:      layout_basic, lemuel_coloured_pillars_altar, glass_columns_b,
          uniq_maggie, uniq_menkaure, uniq_joseph
D:8:      lemuel_ice_statue, layout_loops_ring,
          lightli_ossuary_entry_decrepit_ruins, eino_curves_03, uniq_gastronok
D:9:      layout_rooms, old_standard_altar, uniq_pikel, uniq_maurice, uniq_grum
D:10:     layout_basic, mainiacjoe_overflow_small_starburst,
          mainiacjoe_overflow_24_doors, david_lair_shrubbed, orc_0_dummy,
          minivault_16, serial_bayou_pond_d, st_stairs_6,
          minmay_misc_feat_enclosed, feat_on_display
D:11:     layout_roguey, minivault_25_ag, uniq_sonja
D:12:     layout_cave_pools, hangedman_stone_soup,
          hellmonk_guarded_unrand_salamander
D:13:     layout_irregular_city, erik_vaults_2, lemuel_nasty_fountain
Temple:   jpeg_temple_island
Lair:1:   layout_cave_pods
Lair:2:   layout_misc_corridors, swamp_mist, basic_altar, uniq_harold
Lair:3:   layout_gridlike, disabler_island, uniq_urug
Lair:4:   layout_loops_ring, spider_nest_entry_webs, special_room
          [special_room_mythical_zoo], wad_woods_road_03,
          minmay_shattered_shrine, minmay_lair_oklob_chamber
Lair:5:   layout_gridlike, minmay_slime_entry_pillars,
          cheibrodos_lair_caveside_slide, kilobyte_rumbling_trees
Lair:6:   due_jungle_book, layout_cave_pods, lemuel_fruit_tree
Swamp:1:  layout_basic_swamp, serial_swamp_ruin, evilmike_swamp_ruin_house_5,
          evilmike_swamp_ruin_rubble_1, swamp_pool5
Swamp:2:  layout_falls_marsh, portal_ice_cave_entry_ice_simulacra,
          nicolae_swamp_tree_isthmus
Swamp:3:  cheibrodos_swamp_monstrosity, layout_falls_marsh,
          evilmike_swamp_ruin_house_3, swamp_pool5
Swamp:4:  swamp_alternative, layout_basic_swamp
Spider:1: layout_spider_delve, nicolae_crawler_farm
Spider:2: layout_spider_delve
Spider:3: layout_spider_delve
Spider:4: guppyfry_spider_rune, special_room [special_room_bee],
          guppyfry_spider_mini_3
Orc:1:    layout_caves
Orc:2:    kennysheep_orc_mage_school, layout_diamond_mine, serial_shops, shop,
          uniq_saint_roka, uniq_donald, uniq_snorg
Vaults:1: nicolae_vaults_ninety_degrees, v_misc_15,
          ontoclasm_vaults_loading_screen, v_misc_12, layout_vaults_omnigrid
Vaults:2: v_alt_pattern_3, nicolae_vaults_shelves_hall,
          hangedman_vaults_corner_blocks, vaults_room_pools,
          vaults_mumra_minichess_inversion, ontoclasm_vaults_loading_screen,
          v_pattern_2, ontoclasm_vaults_claustrophobia,
          hangedman_vaults_restitches, v_misc_12, hangedman_vaults_restitches,
          v_misc_1, sword_in_stone, layout_vaults_maze_bifur, uniq_mennas

Skill      XL: |  1  2  3  4  5  6  7  8  9 10 11 12 13 14 15 16 17 18 19 20 21 |
---------------+----------------------------------------------------------------+-----
Armour         | 4 14 18 21 22 | 22.7
Maces & Flails | 3 4 7 11 13 | 13.0
Shields        | 4 12 14 15 | 15.0
Fighting       | 5 7 8 12 16 17 19 20 | 20.0
Dodging        | 1 |  1.1
Invocations    | 4 11 12 | 12.3
Stealth        | |  0.3

Action                   |  1- 3 |  4- 6 |  7- 9 | 10-12 | 13-15 | 16-18 | 19-21 || total
-------------------------+-------+-------+-------+-------+-------+-------+-------++-------
Melee: Flail             |    74 |       |       |       |       |       |       ||    74
       Whip              |    10 |   194 |   530 |   816 |  1229 |  1919 |  3290 ||  7988
Throw: Dart              |       |       |       |     3 |     2 |       |       ||     5
       Javelin           |       |       |       |       |       |    12 |       ||    12
Invok: Heroism           |       |       |     1 |     6 |     7 |    14 |    16 ||    44
       Finesse           |       |       |       |     1 |     2 |     9 |     9 ||    21
Evoke: Wand              |       |       |       |       |       |     3 |     4 ||     7
  Use: Potion            |       |     2 |       |       |     1 |     2 |    12 ||    17
       Scroll            |       |       |    11 |     6 |     8 |     2 |     3 ||    30
 Stab: Petrified         |       |       |       |       |     2 |       |       ||     2
       Confused          |       |       |       |       |       |       |     1 ||     1
       Paralysed         |       |       |       |       |       |       |     1 ||     1
Armor: Scale mail        |    58 |   107 |   209 |       |       |       |       ||   374
       Ring mail         |       |       |    43 |   257 |   384 |   172 |       ||   856
       Plate armour      |       |       |       |       |       |   486 |  2109 ||  2595
       Skin              |       |       |       |       |       |       |     2 ||     2
Dodge: Dodged            |    30 |    51 |   188 |   303 |   439 |   499 |  1378 ||  2888
Block: Kite shield       |    49 |    82 |   241 |   295 |   467 |  1000 |  2661 ||  4795
